 Dungeon Crawl Stone Soup version 0.30-a0-782-ge64f9170bb (webtiles) character file.

Game seed: 13019594209349326528

308 theswoord the Grave Robber (level 6, -1/41 HPs)
             Began as a Demonspawn Necromancer on Feb 18, 2023.
             Slain by a gnoll
             ... wielding a +0 whip
              (7 damage)
             ... on level 5 of the Dungeon.
             The game lasted 00:06:12 (3811 turns).

theswoord the Grave Robber (Demonspawn Necromancer) Turns: 3811, Time: 00:06:13

Health: -1/41      AC:  3    Str: 17    XL:     6   Next: 16%
Magic:  8/12       EV: 12    Int: 16    God:
Gold:   178        SH:  0    Dex: 13    Spells: 8/13 levels left

rFire   . . .      SeeInvis .    f - +1 whip (freeze)
rCold   . . .      Faith    .    (no shield)
rNeg    . . .      Spirit   .    a - +1 robe
rPois   .          Reflect  .    (helmet unavailable)
rElec   .          Harm     .    (no cloak)
rCorr   .          Rampage  .    (no gloves)
Will    .....                    (no boots)
Stlth   ++                       (no amulet)
HPRegen 0.26/turn                m - +6 ring of strength
MPRegen 0.13/turn                j - ring of wizardry

@: animating dead
A: horns 3
a: no special abilities


You were on level 5 of the Dungeon.
You visited 1 branch of the dungeon, and saw 5 of its levels.

You collected 178 gold pieces.

Inventory:

Hand Weapons
 d - a +0 short sword
 f - a +1 whip of freezing (weapon)
Armour
 a - a +1 robe (worn)
Jewellery
 c - a ring of protection from fire
 i - a ring of positive energy
 j - a ring of wizardry (right hand)
 m - a +6 ring of strength (left hand)
 o - a ring of see invisible
 q - an amulet of faith
Scrolls
 e - 5 scrolls of enchant weapon
 h - a scroll of teleportation
 l - 3 scrolls of fear
 r - 2 scrolls of identify
 s - 2 scrolls of blinking
 v - a scroll of immolation {unknown}
Potions
 b - 2 potions of magic
 g - 2 potions of heal wounds
 k - a potion of curing {unknown}
 n - a potion of mutation {unknown}
 p - a potion of invisibility
 t - a potion of might {unknown}
 u - a potion of cancellation {unknown}


   Skills:
 - Level 1.7 Dodging
 - Level 1.7 Stealth
 + Level 4.4 Spellcasting
 + Level 6.6 Necromancy


You had 8 spell levels left.
You knew the following spells:

 Your Spells              Type           Power      Damage    Failure   Level
a - Necrotise             Necr           96%        1d8       1%          1
b - Animate Dead          Necr           24%        N/A       4%          4

Your spell library contained the following spells:

 Spells                   Type           Power      Damage    Failure   Level
 Vampiric Draining        Necr           24%        2d7       1%          3
 Apportation              Tloc           6%         N/A       6%          1
 Summon Small Mammal      Summ           12%        N/A       6%          1
 Ensorcelled Hibernation  Hex/Ice        6%         N/A       10%         2
 Agony                    Necr           24%        N/A       12%         5
 Anguish                  Hex/Necr       7%         N/A       16%         4
 Call Canine Familiar     Summ           3%         N/A       19%         3
 Portal Projectile        Hex/Tloc       6%         N/A       19%         3
 Spider Form              Tmut/Pois      3%         N/A       19%         3
 Animate Armour           Summ/Erth      6%         N/A       52%         4
 Leda's Liquefaction      Hex/Erth       1%         N/A       52%         4
 Blade Hands              Tmut           1%         N/A       85%         5
 Iron Shot                Conj/Erth      1%         9d1       100%        6


Dungeon Overview and Level Annotations

Branches:
Dungeon (5/15)
 Temple: D:4-7

Altars:
Okawaru
Sif Muna

Shops:
D:1 :


Innate Abilities, Weirdness & Mutations

You have a pair of large horns on your head.


Message History

The adder bites you but does no damage.
You closely miss the adder.
You feel sick.
You are no longer poisoned.
The adder bites you but does no damage. x2
You hit the adder. You freeze the adder.
You kill the adder!
No target in view!
A gnoll comes into view. It is wielding a +0 club.
A gnoll is nearby!
A gnoll is nearby!
A gnoll is nearby!
You swap places.
A gnoll comes into view. It is wielding a +0 whip.
You barely miss the gnoll. The gnoll closely misses you.
You whack the gnoll! You freeze the gnoll.
Your orc zombie barely misses the gnoll.
A gnoll comes into view. It is wielding a +0 spear.
The gnoll hits you with a +0 club.
Okay, then.
You dismiss your zombies and call upon the dead to rise afresh.
Your orc zombie crumbles into dust!
The gnoll hits you but does no damage.
You hit the gnoll but do no damage. The gnoll hits you with a +0 club!
You completely miss the gnoll. The gnoll hits you with a +0 club!
You hit the gnoll. You freeze the gnoll. The gnoll hits you with a +0 club.
* * * LOW HITPOINT WARNING * * *
The gnoll hits you with a +0 whip.
* * * LOW HITPOINT WARNING * * *
The gnoll misses you.
You barely miss the gnoll. The gnoll hits you with a +0 club.
* * * LOW HITPOINT WARNING * * *
The gnoll hits you with a +0 whip!
* * * LOW HITPOINT WARNING * * *
The gnoll closely misses you.
You hit the gnoll but do no damage. The gnoll barely misses you.
The gnoll hits you with a +0 whip.
* * * LOW HITPOINT WARNING * * *
The gnoll misses you. The gnoll completely misses you.
The gnoll barely misses you. The gnoll hits you with a +0 whip!
You die...

## ####.#
#.._.....# .
.#.#.#..... ## ..
..........##.#..
>.............
........#...#
........#..#
.......g@..# .
......#g...####....
.....##g##........#
........##.##...###
.........### ..#
.........### ##
...#.......# .# .#
######..## ..#
####..##..#


You could see 3 gnolls.

Vanquished Creatures
  2 scorpions (D:4)
  A jelly (D:4)
  Terence (D:2)
  4 adders
  An ufetubus (D:5)
  2 worms
  5 dart slugs
  10 orcs
  3 ball pythons
  7 bats
  4 endoplasms
  A giant cockroach (D:3)
  5 hobgoblins
  A quokka (D:2)
  2 frilled lizards
  4 goblins
  10 kobolds
  6 rats
69 creatures vanquished.

Vanquished Creatures (collateral kills)
  2 orcs (D:4)
  An endoplasm (D:3)
  A quokka (D:3)
  A goblin (D:3)
5 creatures vanquished.

Vanquished Creatures (others)
  A bat zombie (D:3)
1 creature vanquished.

Grand Total: 75 creatures vanquished

Notes
Turn   | Place    | Note
-------+----------+-------------------------------------------
     0 | D:1      | theswoord the Demonspawn Necromancer began the quest for
                  | the Orb.
     0 | D:1      | Reached XP level 1. HP: 13/13 MP: 3/3
   285 | D:1      | Gained mutation: You have a pair of small horns on your
                  | head. [demonic ancestry]
   285 | D:1      | Reached XP level 2. HP: 19/19 MP: 3/5
   899 | D:1      | Found Vikyfat's Book Boutique.
  1009 | D:2      | Reached skill level 5 in Necromancy
  1009 | D:2      | Reached XP level 3. HP: 22/24 MP: 1/7
  1601 | D:2      | Found an iron altar of Okawaru.
  1737 | D:2      | Noticed Terence
  1745 | D:2      | Killed Terence
  1746 | D:2      | Gained mutation: You have a pair of horns on your head.
                  | [demonic ancestry]
  1746 | D:2      | Reached XP level 4. HP: 16/30 MP: 2/8
  1752 | D:2      | Learned a level 4 spell: Animate Dead
  2825 | D:4      | Reached XP level 5. HP: 23/35 MP: 10/10
  2843 | D:4      | Reached skill level 6 in Necromancy
  3271 | D:4      | Gained mutation: You have a pair of large horns on your
                  | head. [demonic ancestry]
  3271 | D:4      | Reached XP level 6. HP: 26/41 MP: 12/12
  3650 | D:5      | Entered Level 5 of the Dungeon
  3757 | D:5      | Found a shimmering blue altar of Sif Muna.
  3811 | D:5      | Slain by a gnoll

Skill      XL: |  1  2  3  4  5 |
---------------+----------------+-----
Necromancy     | 5 6 |  6.6
Spellcasting   | 3 4 |  4.4
Dodging        | |  1.7
Stealth        | |  1.7

Action                     |  1- 3 |  4- 6 || total
---------------------------+-------+-------++-------
  Melee: Unarmed           |     2 |       ||     2
         Short sword       |     1 |       ||     1
         Whip              |    10 |   116 ||   126
         Headbutt          |     1 |    19 ||    20
   Cast: Necrotise         |    61 |    10 ||    71
         Animate Dead      |       |     5 ||     5
    Use: Scroll            |       |     9 ||     9
         Potion            |       |     1 ||     1
   Stab: Sleeping          |     2 |     3 ||     5
         Invisible         |       |     3 ||     3
         Distracted        |       |     1 ||     1
 Armour: Robe              |     6 |    16 ||    22
  Dodge: Dodged            |    19 |    94 ||   113

Levels and vault maps discovered:
D:1:      roderic_dead_forest, layout_loops_cross, serial_shops, shop,
          minmay_tetromino_o4
D:2:      layout_loops_ring, basic_altar, uniq_terence
D:3:      layout_basic, minmay_three_crescents
D:4:      layout_loops_ring, mainiacjoe_overflow_alcove_4
D:5:      layout_cave_pools, lemuel_crystal_altar, reono_crystal_passage
